[Event "Titled Tuesday Blitz November 01 Late 2022"]
[White "Soto Vega, Jorge"]
[Black "Ardila, Oscar Humberto"]
[WhiteFideId "3800580"]
[BlackFideId "4404742"]
[WhiteElo "2263"]
[BlackElo "1898"]
[Result "1-0"]
[Round "06"]
[TimeControl "180+1"]
[Date "2022.11.02"]
[WhiteClock "0:01:25"]
[BlackClock "0:00:04"]

1. e4 e5 2. Nf3 Nf6 3. Nxe5 d6 4. Nf3 Nxe4 5. d4 Be7 6. Bd3 d5 7. c4 Nc6 8. O-O Nb4 9. Be2 O-O 10. Nc3 Nxc3 11. bxc3 Nc6 12. cxd5 Qxd5 13. c4 Qd8 14. d5 Bf6 15. Rb1 Ne5 16. Nd4 Qd6 17. Nb5 Qe7 18. Ba3 Qd8 19. Bxf8 Kxf8 20. Kh1 a6 21. Nd4 c5 22. Nb3 b6 23. f4 Ng6 24. Bf3 Qd6 25. g3 Bf5 26. Rc1 Re8 27. Re1 Rxe1+ 28. Qxe1 Ne7 29. Nd2 Bd4 30. Ne4 Bxe4 31. Qxe4 g6 32. Rb1 Kg7 33. Rb3 Qf6 34. Kg2 Nf5 35. Ra3 Nd6 36. Qd3 b5 37. cxb5 axb5 38. Ra6 Qe7 39. Qe2 Be3 40. Rxd6 Qxd6 41. Qxe3 f6 42. Qe6 Qd8 43. d6 c4 44. Bc6 Kh6 45. Bxb5 c3 46. Qe2 Qb6 47. d7 Qb7+ 48. Kh3 Qc7 49. a4 c2 50. d8=Q Qxd8 51. Qxc2 f5 52. Qc5 Qd1 53. Qf8+ Kh5 54. Qe7 Qg4+ 55. Kg2 Qd1 56. Qg5# 1-0


[Site "https://www.chess.com"]

[Event "Titled Tuesday Blitz November 01 Late 2022"]
[White "Storey, Charles H"]
[Black "Sargsyan, Anna M."]
[WhiteFideId "406686"]
[BlackFideId "13308130"]
[WhiteElo "2252"]
[BlackElo "2284"]
[Result "1-0"]
[Round "06"]
[TimeControl "180+1"]
[Date "2022.11.02"]
[WhiteClock "0:00:05"]
[BlackClock "0:00:01"]

1. c4 c6 2. g3 d5 3. Bg2 Nf6 4. Nf3 Bf5 5. cxd5 cxd5 6. Qb3 Qb6 7. Qxb6 axb6 8. Nc3 Bd7 9. d3 e6 10. O-O b5 11. Bd2 b4 12. Nd1 Bd6 13. Re1 Ke7 14. e4 dxe4 15. dxe4 e5 16. Ne3 g6 17. Nc4 Nc6 18. Rad1 Bc7 19. Bg5 Be6 20. Ncxe5 Nxe5 21. Nxe5 Bxe5 22. f4 h6 23. fxe5 hxg5 24. exf6+ Kxf6 25. e5+ Ke7 26. Rd4 b3 27. axb3 Ra2 28. Rb4 Kf8 29. Rxb7 Kg7 30. Rb1 Bf5 31. Rf1 Rxb2 32. Bd5 Rhxh2 33. Rxf7+ Kh6 34. Rf8 Rhd2 35. Rh8+ Kg7 36. Rg8+ Kh7 37. Rd8 Be6 38. Bxe6 Rxd8 39. Bc4 Rdd2 40. e6 Kh6 41. Re1 Rg2+ 42. Kh1 Rh2+ 43. Kg1 Rbg2+ 44. Kf1 Rxg3 45. Bd5 Kg7 46. e7 Rh8 47. e8=Q Rxe8 48. Rxe8 Rd3 49. Bc4 Rc3 50. Re7+ Kf6 51. Rf7+ Ke5 52. Kg2 g4 53. Rf8 g5 54. Rf7 Rc2+ 55. Kg3 Kd4 56. Kxg4 Rg2+ 57. Kh3 Rg1 58. Kh2 Rg4 59. Rf5 Kc3 60. Kh3 Rg1 61. Kh2 Rg4 62. Rf3+ Kb4 63. Rg3 Rh4+ 64. Kg2 Rh5 65. Kf3 1-0


[Site "https://www.chess.com"]

[Event "Titled Tuesday Blitz November 01 Late 2022"]
[White "Szpar, Milosz"]
[Black "Hajiyev, Kanan"]
[WhiteFideId "1184989"]
[BlackFideId "13404148"]
[WhiteElo "2422"]
[BlackElo "2118"]
[Result "1-0"]
[Round "06"]
[TimeControl "180+1"]
[Date "2022.11.02"]
[WhiteClock "0:01:05"]
[BlackClock "0:00:06"]

1. e4 c6 2. d4 d5 3. e5 a6 4. f4 Nh6 5. c3 Bg4 6. Nf3 e6 7. Bd3 c5 8. Nbd2 Nc6 9. h3 Bf5 10. Be2 cxd4 11. Nxd4 Qh4+ 12. Kf1 Qxf4+ 13. N2f3 Qg3 14. Qa4 Rc8 15. Nxc6 Rxc6 16. Bf4 Qg6 17. Nh4 Bc2 18. Nxg6 Bxa4 19. Nxh8 Nf5 20. g4 Nh4 21. Bg3 g5 22. b3 Bb5 23. Bxb5 axb5 24. a4 b4 25. cxb4 Bg7 26. Nxf7 Kxf7 27. Bxh4 gxh4 28. Rh2 Bxe5 29. Rf2+ Ke7 30. Rd1 Rc3 31. Rb1 Rxh3 32. Ke2 Bd4 33. Rg2 Re3+ 34. Kd2 h3 35. Re2 Rg3 36. b5 Rg2 37. Kd3 Bb6 38. Rh1 Rg3+ 39. Kc2 d4 40. Reh2 d3+ 41. Kd1 e5 42. Rxh3 Rxh3 43. Rxh3 e4 44. Rxh7+ Kd6 45. Rxb7 e3 46. Rxb6+ Kc5 47. Rc6+ 1-0


[Site "https://www.chess.com"]

[Event "Titled Tuesday Blitz November 01 Late 2022"]
[White "Tokhirjonova, Gulrukhbegim"]
[Black "Dimitrov, Atanas"]
[WhiteFideId "14203626"]
[BlackFideId "2901315"]
[WhiteElo "2236"]
[BlackElo "2752"]
[Result "0-1"]
[Round "06"]
[TimeControl "180+1"]
[Date "2022.11.02"]
[WhiteClock "0:00:17"]
[BlackClock "0:00:07"]

1. e4 c5 2. Nf3 d6 3. d4 cxd4 4. Nxd4 Nf6 5. Nc3 g6 6. f3 Bg7 7. Bc4 Nc6 8. Be3 Bd7 9. Qd2 Ne5 10. Be2 Rc8 11. O-O-O O-O 12. Kb1 Nc4 13. Bxc4 Rxc4 14. g4 b5 15. h4 h5 16. g5 Ne8 17. Ndxb5 Bxb5 18. Nxb5 Qb8 19. Nd4 Nc7 20. Nb3 Ne6 21. Qa5 Rfc8 22. Rc1 R8c7 23. Rhd1 Be5 24. Rd5 Qc8 25. c3 Bg3 26. Nd4 Nxd4 27. Rxd4 Rxd4 28. Bxd4 Bxh4 29. f4 Rb7 30. f5 e5 31. fxe6 fxe6 32. Rf1 Qe8 33. Bf6 Kh7 34. Rd1 Bg3 35. e5 Bxe5 36. Bxe5 dxe5 37. Qxe5 Qb5 38. Qxb5 Rxb5 39. Rd7+ Kg8 40. Rxa7 Rxg5 41. a4 h4 42. a5 h3 43. Ra8+ Kg7 44. Ra7+ Kf6 45. Rh7 Rh5 46. Rd7 h2 47. Rd1 Rxa5 48. Rh1 Rh5 49. b4 g5 50. b5 g4 51. c4 g3 52. b6 g2 53. Rc1 g1=Q 54. b7 Qb6+ 55. Kc2 h1=Q 56. Rf1+ Qxf1 0-1


[Site "https://www.chess.com"]

[Event "Titled Tuesday Blitz November 01 Late 2022"]
[White "Urbina Perez, Juan Antonio"]
[Black "Roque Sola, Jose Luis"]
[WhiteFideId "2217368"]
[BlackFideId "5120390"]
[WhiteElo "2197"]
[BlackElo "2117"]
[Result "1-0"]
[Round "06"]
[TimeControl "180+1"]
[Date "2022.11.02"]
[WhiteClock "0:00:15"]
[BlackClock "0:00:01"]

1. e4 e6 2. d4 d5 3. Nd2 c5 4. exd5 Qxd5 5. Ngf3 cxd4 6. Bc4 Qd8 7. O-O Nf6 8. Nb3 Nc6 9. Qe2 Bd6 10. Rd1 a6 11. Nbxd4 Nxd4 12. Nxd4 Qc7 13. h3 O-O 14. a4 e5 15. Nf3 h6 16. b3 Bf5 17. Bb2 b5 18. axb5 axb5 19. Bxb5 Rxa1 20. Rxa1 Qxc2 21. Qxc2 Bxc2 22. Bc4 Rb8 23. Nxe5 Bxe5 24. Bxe5 Rb7 25. Ra2 Nd7 26. Bd4 Bg6 27. Ra7 Rxa7 28. Bxa7 Kf8 29. Bd4 f6 30. b4 Ke7 31. Kf1 Kd8 32. Ke2 Kc7 33. f4 Be8 34. g4 Nb6 35. Be6 Bc6 36. Kf2 Nd7 37. Bc4 Nb6 38. Bd3 Nd5 39. b5 Nxf4 40. Bf1 Bb7 41. h4 Ng6 42. Kg3 Ne5 43. b6+ Kd7 44. Bb5+ Ke6 45. Be2 Kd5 46. Bf2 Ke6 47. Kf4 g5+ 48. hxg5 hxg5+ 49. Kg3 f5 50. gxf5+ Kxf5 51. Bd4 Nd7 52. Bd3+ Ke6 53. Be3 Nxb6 54. Bxb6 Bd5 55. Be3 Kf6 56. Kg4 Be6+ 57. Kh5 Bf7+ 58. Kg4 Be6+ 59. Kg3 Bf7 60. Bd4+ Ke7 61. Kg4 Be6+ 62. Kxg5 Kd6 63. Kf4 Bd5 64. Be5+ Kc5 65. Ke3 Kc6 66. Bd4 Kd6 67. Bf5 Kc6 68. Kf4 Kd6 69. Bg4 Ke7 70. Ke5 Bf7 71. Bc5+ Ke8 72. Bb6 Bb3 73. Kf6 Kf8 74. Bh5 Kg8 75. Bc5 Kh7 76. Bg6+ 1-0


[Site "https://www.chess.com"]

[Event "Titled Tuesday Blitz November 01 Late 2022"]
[White "Valdes Romero, Leonardo"]
[Black "Plat, Vojtech"]
[WhiteFideId "6500331"]
[BlackFideId "325740"]
[WhiteElo "2494"]
[BlackElo "2514"]
[Result "0-1"]
[Round "06"]
[TimeControl "180+1"]
[Date "2022.11.01"]
[WhiteClock "0:00:02"]
[BlackClock "0:01:03"]

1. Nf3 d6 2. d3 e5 3. g3 Nf6 4. Bg2 Be7 5. O-O O-O 6. e4 c6 7. Nbd2 a5 8. a4 Na6 9. Nc4 Be6 10. b3 h6 11. Bd2 Nc5 12. Ne3 Qd7 13. Nh4 g6 14. Nc4 Bxc4 15. bxc4 Kh7 16. Qe1 Nh5 17. Nf3 f5 18. exf5 gxf5 19. Bxa5 e4 20. dxe4 fxe4 21. Nd4 d5 22. Bb4 Nf6 23. cxd5 cxd5 24. a5 Rae8 25. Qe2 Ne6 26. Nxe6 Qxe6 27. Bxe7 Rxe7 28. a6 bxa6 29. Rxa6 Qe5 30. Ra5 Rc8 31. Rd1 Qc3 32. Ra6 Kg7 33. h3 Qxc2 34. Rd2 Qc4 35. Qxc4 Rxc4 36. Rb2 d4 37. Rbb6 Rf7 38. Bf1 d3 39. Rd6 Rc1 40. Kg2 Rc2 41. g4 Nxg4 42. Rg6+ Kh7 43. hxg4 Rcxf2+ 44. Kg3 R7f3+ 45. Kh4 Rh2+ 0-1


[Site "https://www.chess.com"]

[Event "Titled Tuesday Blitz November 01 Late 2022"]
[White "Vusatiuk, Vladimir"]
[Black "Galchenko, Matvey"]
[WhiteFideId "14118610"]
[BlackFideId "24175480"]
[WhiteElo "2208"]
[BlackElo "2423"]
[Result "1-0"]
[Round "06"]
[TimeControl "180+1"]
[Date "2022.11.01"]
[WhiteClock "0:00:08"]
[BlackClock "0:00:32"]

1. Nf3 d5 2. c4 d4 3. b4 g5 4. h3 Bg7 5. d3 h6 6. Bb2 e5 7. e3 a5 8. b5 Ne7 9. Be2 Nf5 10. g4 Ne7 11. Nbd2 a4 12. Ba3 c6 13. Ne4 O-O 14. h4 Bxg4 15. hxg5 Nf5 16. Bxf8 Qxf8 17. Nf6+ Bxf6 18. gxf6 dxe3 19. Rg1 h5 20. fxe3 Nxe3 21. Qd2 Qc5 22. d4 exd4 23. Nxd4 Qxd4 24. Qxd4 Nc2+ 25. Kd2 Nxd4 26. Bxg4 cxb5 27. Bxh5+ Kf8 28. Rg7 Nbc6 29. Rxf7+ Kg8 30. Rg1+ Kh8 31. Rgg7 Nf5 32. Rh7+ Kg8 33. Bg6 Ne5 34. Rfg7+ Nxg7 35. Rxg7+ Kf8 36. cxb5 Rd8+ 37. Kc3 Rd6 38. Be4 b6 39. Ra7 Rxf6 40. Rxa4 Nd7 41. Bc6 Nc5 42. Ra8+ Ke7 43. Rb8 Rh6 44. Kd4 Rh4+ 45. Ke5 Rh5+ 46. Kf4 Na4 47. Ra8 Rh4+ 48. Kg5 Rd4 49. Kf5 Nc5 50. Rb8 Na4 51. Ke5 Rd2 52. Rb7+ Kf8 53. Ra7 Rxa2 54. Bf3 Ra1 55. Kf6 Ke8 56. Bg4 Rf1+ 57. Bf5 Kd8 58. Rxa4 Kc7 59. Rc4+ Kb7 60. Ke5 Ka7 61. Be4 Rg1 62. Kd6 Rd1+ 63. Bd5 Ra1 64. Rc7+ Kb8 65. Rb7+ Kc8 66. Rxb6 Rg1 67. Be6+ Kd8 68. Rb8# 1-0


[Site "https://www.chess.com"]

[Event "Titled Tuesday Blitz November 01 Late 2022"]
[White "Wieczorek, Zbigniew"]
[Black "Qashashvili, Alexandre"]
[WhiteFideId "1102001"]
[BlackFideId "13600842"]
[WhiteElo "2276"]
[BlackElo "2405"]
[Result "1-0"]
[Round "06"]
[TimeControl "180+1"]
[Date "2022.11.02"]
[WhiteClock "0:01:10"]
[BlackClock "0:00:48"]

1. Nf3 c6 2. d3 d5 3. Nbd2 Nf6 4. e4 dxe4 5. dxe4 Bg4 6. Bc4 e6 7. a4 Bc5 8. O-O O-O 9. c3 a5 10. Qb3 Qb6 11. Ne5 Qxb3 12. Nxb3 Bb6 13. Bf4 Bh5 14. Rfe1 Nbd7 15. Nd3 Rfd8 16. Kf1 h6 17. f3 Bg6 18. Rad1 Rac8 19. Bd6 Ne8 20. Be7 Ndf6 21. Bxd8 Rxd8 22. Ne5 Bh7 23. Rxd8 Bxd8 24. Nc5 b5 25. axb5 cxb5 26. Bxb5 Nd6 27. Ba4 Kf8 28. Rd1 Ke7 29. Nc6+ Ke8 30. Nxd8+ Kxd8 31. Rxd6+ 1-0


[Site "https://www.chess.com"]

[Event "Titled Tuesday Blitz November 01 Late 2022"]
[White "Young, Ryan"]
[Black "Tomaszewski, Kacper"]
[WhiteFideId "2049945"]
[BlackFideId "1127373"]
[WhiteElo "2399"]
[BlackElo "2211"]
[Result "1/2-1/2"]
[Round "06"]
[TimeControl "180+1"]
[Date "2022.11.02"]
[WhiteClock "0:00:24"]
[BlackClock "0:00:10"]

1. e4 e5 2. Nf3 Nc6 3. Bc4 Be7 4. c3 Nf6 5. d3 O-O 6. Bb3 d6 7. Nbd2 Kh8 8. h3 Ng8 9. g4 Be6 10. Nf1 d5 11. Qe2 Nf6 12. Ng3 dxe4 13. dxe4 Nd7 14. Be3 Nc5 15. Bc2 f6 16. O-O Qe8 17. Rfd1 Qf7 18. b3 Rad8 19. Kg2 Rxd1 20. Rxd1 Rd8 21. Rxd8+ Nxd8 22. Nf5 Bxf5 23. exf5 Qd5 24. Kg3 Nc6 25. b4 Ne4+ 26. Bxe4 Qxe4 27. Qd2 Bd6 28. Ne1 Qh1 29. Ng2 h5 30. gxh5 Ne7 31. Nh4 e4+ 32. Bf4 Qg1+ 33. Ng2 Nxf5+ 34. Kg4 Qxg2+ 35. Kxf5 Qf3 36. Qe3 Qxh5+ 37. Kxe4 Bxf4 38. Qxf4 Qxh3 39. Qxc7 Qg2+ 40. Ke3 Qg5+ 41. Qf4 Qd5 42. Qh4+ Kg8 43. Qd4 Qxa2 44. Qd8+ Kh7 45. Qd3+ Kg8 46. Qd8+ Kh7 47. Qd2 Qxd2+ 48. Kxd2 Kg6 49. Ke3 Kf5 50. Kd4 g5 51. c4 g4 52. Kd5 Kf4 53. c5 Kf3 54. b5 Kxf2 55. c6 bxc6+ 56. bxc6 g3 57. c7 g2 58. c8=Q g1=Q 59. Qf5+ Kg2 60. Qxf6 Qd1+ 61. Kc6 Qf3+ 62. Qxf3+ Kxf3 63. Kb5 Ke4 64. Ka6 Kd5 65. Kxa7 1/2-1/2


[Site "https://www.chess.com"]

[Event "Titled Tuesday Blitz November 01 Late 2022"]
[White "Zakhartsov, Vladimir"]
[Black "Khripachenko, Alexander"]
[WhiteFideId "4145097"]
[BlackFideId "54184975"]
[WhiteElo "2492"]
[BlackElo "2201"]
[Result "1-0"]
[Round "06"]
[TimeControl "180+1"]
[Date "2022.11.01"]
[WhiteClock "0:00:25"]
[BlackClock "0:00:10"]

1. e4 e5 2. Nf3 Nf6 3. Nc3 Nc6 4. a3 Bc5 5. Nxe5 Nxe5 6. d4 Bd6 7. f4 Nc6 8. e5 Be7 9. d5 Nb8 10. exf6 Bxf6 11. Bd3 d6 12. Ne4 O-O 13. O-O Nd7 14. c3 Re8 15. Bc2 Nc5 16. Ng3 g6 17. f5 Be5 18. Qg4 Kh8 19. Bg5 f6 20. Bf4 g5 21. Bxe5 Rxe5 22. h4 gxh4 23. Qxh4 Qe7 24. Nh5 Re2 25. Rae1 Re5 26. Nxf6 Bd7 27. Rxe5 dxe5 28. g4 Bb5 29. Rf2 Nd7 30. g5 Nxf6 31. gxf6 Qf7 32. c4 Rg8+ 33. Rg2 Rxg2+ 34. Kxg2 Bd7 35. Qg5 b5 36. b3 a5 37. a4 bxc4 38. bxc4 c6 39. Be4 cxd5 40. Bxd5 Qf8 41. Kh2 e4 42. f7 1-0


[Site "https://www.chess.com"]

[Event "Titled Tuesday Blitz November 01 Late 2022"]
[White "Zhigalko, Sergei"]
[Black "Burcu, Cagatay"]
[WhiteFideId "13502956"]
[BlackFideId "6310630"]
[WhiteElo "2662"]
[BlackElo "2231"]
[Result "1-0"]
[Round "06"]
[TimeControl "180+1"]
[Date "2022.11.01"]
[WhiteClock "0:01:06"]
[BlackClock "0:00:16"]

1. e4 c6 2. d4 d5 3. e5 c5 4. Nf3 Nc6 5. dxc5 e6 6. a3 Bxc5 7. b4 Bb6 8. Bb2 Nge7 9. Bd3 Ng6 10. O-O a5 11. b5 Nce7 12. Re1 Bd7 13. a4 Nf4 14. Bf1 O-O 15. Nbd2 Rc8 16. g3 Nfg6 17. Bd3 Qc7 18. Rc1 Qb8 19. Kg2 Qa7 20. Qe2 Rc7 21. h4 Rfc8 22. h5 Nf8 23. h6 Nfg6 24. Rh1 Nf5 25. hxg7 Nd4 26. Nxd4 Bxd4 27. Qh5 Kxg7 28. Bxd4 Qxd4 29. Nf3 Qxd3 30. Qh6+ Kg8 31. cxd3 Rxc1 32. Rxc1 Rxc1 33. Qxc1 1-0


[Site "https://www.chess.com"]

[Event "Titled Tuesday Blitz November 01 Late 2022"]
[White "Zilleruelo Irizarry, Diego"]
[Black "Harvey, Marcus R"]
[WhiteFideId "3101460"]
[BlackFideId "400092"]
[WhiteElo "1998"]
[BlackElo "2457"]
[Result "0-1"]
[Round "06"]
[TimeControl "180+1"]
[Date "2022.11.02"]
[WhiteClock "0:00:09"]
[BlackClock "0:00:22"]

1. e4 e6 2. d4 d5 3. Nd2 h6 4. Ngf3 Nf6 5. e5 Nfd7 6. Nb3 c5 7. dxc5 Nxc5 8. Be2 Nc6 9. O-O Nd7 10. Bb5 a6 11. Bxc6 bxc6 12. c4 a5 13. cxd5 cxd5 14. Nbd4 Ba6 15. Re1 Qb6 16. Bd2 Bc5 17. Bc3 O-O 18. Qd2 a4 19. b3 axb3 20. axb3 Bb7 21. b4 Be7 22. h3 Rxa1 23. Rxa1 Rc8 24. Nb3 Qc7 25. Bd4 Nb6 26. Ra7 Nc4 27. Qe1 Ra8 28. Rxa8+ Bxa8 29. b5 Bb7 30. Qc3 Qc8 31. Nfd2 Na3 32. Qxc8+ Bxc8 33. Bc5 Bxc5 34. Nxc5 Nxb5 35. Ndb3 Nc7 36. Nd4 Ba6 37. f4 Bc4 38. Kf2 Kf8 39. g4 Ke7 40. f5 Nb5 41. Nxb5 Bxb5 42. Ke3 exf5 43. gxf5 f6 44. e6 Bf1 45. h4 Bh3 46. Kf4 h5 47. Nb3 g6 48. Nd4 gxf5 49. Nxf5+ Bxf5 50. Kxf5 d4 51. Ke4 Kxe6 52. Kxd4 Kf5 53. Ke3 Kg4 54. Ke4 Kxh4 55. Kf4 Kh3 56. Kf3 h4 57. Kf2 Kg4 58. Kg2 f5 59. Kf2 f4 60. Kg2 f3+ 61. Kf2 Kf4 62. Kf1 Kg3 63. Kg1 f2+ 64. Kf1 h3 0-1


[Site "https://www.chess.com"]

[Event "Titled Tuesday Blitz November 01 Late 2022"]
[White "Zivkovic, Nemanja"]
[Black "Melikhov, Evgeny V."]
[WhiteFideId "942154"]
[BlackFideId "4122046"]
[WhiteElo "2372"]
[BlackElo "2169"]
[Result "1-0"]
[Round "06"]
[TimeControl "180+1"]
[Date "2022.11.02"]
[WhiteClock "0:00:11"]
[BlackClock "0:00:04"]

1. b3 e5 2. Bb2 Nc6 3. Nf3 e4 4. Nd4 Nxd4 5. Bxd4 d5 6. e3 h5 7. d3 Bf5 8. a3 Ne7 9. Bb2 Nc6 10. dxe4 Bxe4 11. Nc3 Qg5 12. Qd2 O-O-O 13. O-O-O Bc5 14. b4 Bb6 15. h4 Qg6 16. Qe2 Rhe8 17. Nxe4 dxe4 18. Rxd8+ Rxd8 19. g3 Kb8 20. Bh3 f5 21. Rd1 Rxd1+ 22. Qxd1 Qf7 23. b5 Ne7 24. Qd7 g6 25. Bf1 Qf8 26. Bc4 Nc8 27. Be6 a6 28. bxa6 bxa6 29. Qc6 Qd6 30. Qxd6 Nxd6 31. Be5 Bc5 32. Kb2 Kb7 33. Bxd6 cxd6 34. Bf7 d5 35. Bxd5+ Kc7 36. Bf7 Kd6 37. Bxg6 Ke5 38. Bxh5 Bb6 39. Kb3 Ba5 40. c3 Bd8 41. Kc4 Be7 42. Kb3 Bd6 43. Be2 a5 44. Ka4 Bc5 45. h5 Kf6 46. g4 f4 47. exf4 Bxf2 48. h6 Kg6 49. g5 Be3 50. Bh5+ Kh7 51. Bg4 Bxf4 52. Bf5+ Kg8 53. h7+ Kg7 54. Bxe4 Bxg5 55. Kxa5 Bd2 56. Kb4 Be3 57. a4 Bb6 58. c4 Ba7 59. Kb5 Bb8 60. c5 Be5 61. a5 Bd4 62. a6 Be5 63. a7 1-0


[Site "https://www.chess.com"]

[Event "Titled Tuesday Blitz November 01 Late 2022"]
[White "chess50years"]
[Black "Rios Escobar, Adan"]
[BlackFideId "3403645"]
[WhiteElo "2028"]
[BlackElo "2353"]
[Result "1-0"]
[Round "06"]
[TimeControl "180+1"]
[Date "2022.11.02"]
[WhiteClock "0:01:09"]
[BlackClock "0:00:40"]

1. d4 Nf6 2. c4 g6 3. Nc3 Bg7 4. e4 d6 5. Nf3 O-O 6. h3 e5 7. dxe5 dxe5 8. Qxd8 Rxd8 9. Bg5 Re8 10. Nd5 Nxd5 11. cxd5 c6 12. Bc4 cxd5 13. Bxd5 Nc6 14. Bxc6 bxc6 15. O-O Rb8 16. b3 f5 17. Nd2 f4 18. f3 h6 19. Bh4 Bf8 20. Rfc1 Rb6 21. Bf2 Ra6 22. Bc5 Rd8 23. Bxf8 Rxd2 24. Bxh6 Be6 25. Rc5 Kh7 26. Bg5 Bxb3 27. Rxe5 Bxa2 28. Re7+ Kg8 29. Bxf4 c5 30. Bxd2 1-0


[Site "https://www.chess.com"]

[Event "Titled Tuesday Blitz November 01 Late 2022"]
[White "Ambartsumova, Karina"]
[Black "Golubova, Anna"]
[WhiteFideId "4166299"]
[BlackFideId "24173606"]
[WhiteElo "2299"]
[BlackElo "2047"]
[Result "0-1"]
[Round "07"]
[TimeControl "180+1"]
[Date "2022.11.02"]
[WhiteClock "0:00:02"]
[BlackClock "0:00:25"]

1. d4 g6 2. Nf3 Bg7 3. g3 d6 4. Bg2 Nf6 5. O-O O-O 6. b3 Nc6 7. Bb2 Bf5 8. c4 d5 9. cxd5 Nxd5 10. Nh4 Bg4 11. Qd2 Qd7 12. e4 Nb6 13. d5 Nb8 14. Bxg7 Kxg7 15. f3 Bh3 16. Qc3+ Kg8 17. Bxh3 Qxh3 18. Qxc7 N8d7 19. Na3 Rac8 20. Qf4 Rc3 21. Rac1 Rfc8 22. Qd2 Rxc1 23. Rxc1 Ne5 24. Rxc8+ Nxc8 25. Qg2 Qd7 26. f4 Nd3 27. Qd2 Nc5 28. Qd4 Qc7 29. Nb5 Qb6 30. b4 Nxe4 31. Qxb6 Nxb6 32. Nxa7 Nxd5 33. a3 Nd2 34. Kf2 Nc4 35. Nb5 Kf8 36. Nf3 Ke8 37. Ke2 Kd7 38. Kd3 Nd6 39. Ne5+ Ke6 40. Nd4+ Kf6 41. Nd7+ Kg7 42. Nc5 b6 43. Nd7 f6 44. Nc6 Kf7 45. Nd4 Nc7 46. a4 Nd5 47. a5 Nxb4+ 48. Kc3 bxa5 49. Kb3 Nd5 50. Ka4 Ne3 51. Kxa5 Nf1 52. Nf3 Ne4 53. Kb4 Ke6 54. Nb6 Ned2 55. Kc3 Nxf3 0-1


[Site "https://www.chess.com"]

[Event "Titled Tuesday Blitz November 01 Late 2022"]
[White "Arbunic Castro, Giovanna"]
[Black "Gasparyan, David"]
[WhiteFideId "3400549"]
[BlackFideId "13311980"]
[WhiteElo "1895"]
[BlackElo "2364"]
[Result "1-0"]
[Round "07"]
[TimeControl "180+1"]
[Date "2022.11.02"]
[WhiteClock "0:00:01"]
[BlackClock "0:00:04"]

1. e4 a5 2. d4 d6 3. c4 Nd7 4. Nf3 e5 5. Nc3 Ngf6 6. Be2 Be7 7. O-O c6 8. h3 O-O 9. Be3 Qc7 10. Qd2 Re8 11. Rad1 exd4 12. Nxd4 Nc5 13. f3 Bf8 14. Bf4 Qb6 15. Kh1 a4 16. g4 Ne6 17. Be3 Qa5 18. Nf5 a3 19. b3 d5 20. cxd5 cxd5 21. Nxd5 Nxd5 22. Qxd5 Qc7 23. Kg2 Nf4+ 24. Bxf4 Qxf4 25. Nd6 Rd8 26. e5 Be6 27. Qe4 Qh6 28. f4 Bxd6 29. exd6 Bd7 30. f5 Bc6 31. Bf3 Bxe4 32. Bxe4 Qe3 33. Bf3 Ra6 34. d7 b5 35. Rfe1 Qxe1 36. Rxe1 Kf8 37. Bb7 Ra7 38. Bc6 b4 39. Re8+ Rxe8 40. dxe8=Q# 1-0


[Site "https://www.chess.com"]

[Event "Titled Tuesday Blitz November 01 Late 2022"]
[White "Ardila, Oscar Humberto"]
[Black "Aguilar, Juan"]
[WhiteFideId "4404742"]
[BlackFideId "3800091"]
[WhiteElo "1898"]
[BlackElo "2429"]
[Result "0-1"]
[Round "07"]
[TimeControl "180+1"]
[Date "2022.11.02"]
[WhiteClock "0:01:35"]
[BlackClock "0:01:56"]

1. d4 Nf6 2. c4 g6 3. Nc3 d5 4. Nf3 Bg7 5. e3 O-O 6. Be2 c5 7. O-O cxd4 8. Nxd4 Nc6 9. Nxc6 bxc6 10. c5 e5 11. Qa4 Qc7 12. Rd1 Rd8 13. b4 d4 14. Nb1 Bf5 15. exd4 exd4 16. Bf3 Nd5 17. Bb2 Nc3 18. Bxc3 dxc3 19. Rxd8+ Rxd8 20. Na3 c2 21. Nxc2 Bxc2 22. Rc1 Bxa4 0-1


[Site "https://www.chess.com"]

[Event "Titled Tuesday Blitz November 01 Late 2022"]
[White "Arnold, Ken"]
[Black "D`Arruda, Ricardo D."]
[WhiteFideId "2056836"]
[BlackFideId "100692"]
[WhiteElo "2326"]
[BlackElo "2468"]
[Result "0-1"]
[Round "07"]
[TimeControl "180+1"]
[Date "2022.11.02"]
[WhiteClock "0:00:07"]
[BlackClock "0:00:22"]

1. d4 Nf6 2. c4 e5 3. dxe5 Ne4 4. Nf3 Nc6 5. e3 d6 6. Be2 dxe5 7. Qxd8+ Kxd8 8. O-O f6 9. Nbd2 Nc5 10. Rd1 Ke8 11. Nb3 Nxb3 12. axb3 Bf5 13. Bd2 Be7 14. Bc3 Kf7 15. Nd2 Nb4 16. e4 Be6 17. Bxb4 Bxb4 18. Nf1 c6 19. h3 Bc5 20. Bg4 Bd4 21. Bxe6+ Kxe6 22. Rd2 Rhd8 23. g3 Bb6 24. Rad1 Rxd2 25. Rxd2 Bd4 26. Kg2 a5 27. f4 a4 28. Rd3 a3 29. bxa3 Rxa3 30. Nd2 Kd6 31. fxe5+ fxe5 32. Kf3 Kc5 33. Kg4 Ra1 34. Kf5 Rd1 35. Ke6 Kb4 36. Kf7 Bc3 37. Kxg7 Rxd2 38. Rf3 Rd7+ 0-1


[Site "https://www.chess.com"]

[Event "Titled Tuesday Blitz November 01 Late 2022"]
[White "Averjanov, Alexey"]
[Black "Young, Ryan"]
[WhiteFideId "14109867"]
[BlackFideId "2049945"]
[WhiteElo "2649"]
[BlackElo "2402"]
[Result "1/2-1/2"]
[Round "07"]
[TimeControl "180+1"]
[Date "2022.11.02"]
[WhiteClock "0:00:09"]
[BlackClock "0:00:11"]

1. d4 Nf6 2. c4 e6 3. Nf3 Bb4+ 4. Nbd2 O-O 5. g3 d6 6. Bg2 Nbd7 7. O-O Bxd2 8. Qxd2 a5 9. b3 Qe7 10. Bb2 e5 11. Rac1 Re8 12. dxe5 dxe5 13. Ng5 h6 14. Ne4 Nxe4 15. Bxe4 Nf6 16. Bg2 c6 17. Rfd1 Bg4 18. h3 Bh5 19. Kf1 a4 20. Bc3 axb3 21. axb3 Bg6 22. Bb4 Qe6 23. Qd6 Qf5 24. Qd2 h5 25. Qe3 Ra2 26. Ra1 Rea8 27. Rxa2 Rxa2 28. Bc3 Qc2 29. Rc1 Qxb3 30. Qxe5 Qxc4 31. Bf3 Be4 32. Kg2 Qxe2 33. Qxe4 Qxe4 34. Bxe4 Nxe4 35. Bd4 Rd2 36. Be3 Rd7 37. Kf3 Nf6 38. Ra1 Nd5 39. Bc5 f6 40. Ra8+ Kf7 41. g4 hxg4+ 42. hxg4 Kg6 43. Kg3 b6 44. Bd4 Rc7 45. Rd8 Ne7 46. f4 c5 47. f5+ Kf7 48. Be3 Nc6 49. Ra8 Ne5 50. Rb8 Rc6 51. Bf4 c4 52. g5 g6 53. Rb7+ Kg8 54. gxf6 Nd3 55. Rg7+ Kf8 56. Bh6 Rxf6 57. Rxg6+ Kf7 58. Rg7+ Ke8 59. Be3 Rf7 60. Rg8+ Rf8 61. Rxf8+ Kxf8 62. Bxb6 Kf7 63. Kf3 c3 64. Be3 c2 65. Ke4 c1=Q 66. Bxc1 Nxc1 67. Ke5 Na2 68. f6 Nb4 69. Kf5 Nc2 70. Ke5 Nd4 71. Kf4 Nc6 72. Kf5 Na7 73. Ke5 Nc8 74. Kd5 Nd6 75. Kxd6 Kxf6 1/2-1/2


[Site "https://www.chess.com"]

[Event "Titled Tuesday Blitz November 01 Late 2022"]
[White "Bacrot, Etienne"]
[Black "Danielyan, Vahe"]
[WhiteFideId "605506"]
[BlackFideId "13304828"]
[WhiteElo "2820"]
[BlackElo "2629"]
[Result "0-1"]
[Round "07"]
[TimeControl "180+1"]
[Date "2022.11.02"]
[WhiteClock "0:00:02"]
[BlackClock "0:00:07"]

1. Nf3 Nf6 2. g3 g6 3. Bg2 Bg7 4. O-O O-O 5. d4 d6 6. b3 a5 7. Bb2 a4 8. bxa4 Rxa4 9. Nbd2 Ra8 10. e4 Nbd7 11. e5 Nd5 12. c4 N5b6 13. e6 fxe6 14. Ng5 Nf6 15. Re1 e5 16. dxe5 Ng4 17. Qb3 Kh8 18. e6 Nh6 19. Bxg7+ Kxg7 20. Qc3+ Kg8 21. Re4 Na4 22. Qc2 Rf5 23. h4 Nc5 24. Re2 Ra3 25. Bh3 Qf8 26. Bxf5 Nxf5 27. Qb2 Rd3 28. Nb3 b6 29. Rae1 Bb7 30. Nxc5 dxc5 31. Rd2 Rd4 32. Nf7 Qg7 33. Red1 Qf6 34. Nd8 Bf3 35. Re1 Kg7 36. Qc3 Ba8 37. Rd3 h5 38. Red1 Bf3 39. Re1 Ba8 40. Red1 Kh7 41. R1d2 Be4 42. Nf7 Bxd3 43. Rxd3 Kg7 44. Ng5 Rxd3 45. Qxd3 Nd4 46. Kg2 Nxe6 47. Nxe6+ Qxe6 48. a3 Qe5 49. Qf3 Qd4 50. Qc6 Qd6 51. Qe4 Kf6 52. Qf3+ Kg7 53. Qe2 Qc6+ 54. Kg1 Qd6 55. Qe3 e6 56. Qe4 e5 57. Kg2 Qd4 58. Qc6 Qd6 59. Qe4 Qe6 60. Kg1 Kf6 61. Qf3+ Ke7 62. Qe4 Qf5 63. Qc6 Qd7 64. Qxg6 Qd1+ 65. Kg2 Qd4 66. Qh7+ Kd8 67. Qxh5 Qe4+ 0-1


[Site "https://www.chess.com"]